AoeStats
← ZEAN430

African Clearing

510869310Analyzed
4v4 RM · 4h ago on Oct 2, 2026· 27m 30s· 8 players
Game mode
Random Map
Map size
Large (8 player)
Population
200
Speed
Normal
Resources
Standard
Victory
Conquest
Starting age
Dark Age
Ending age
Imperial Age
RankedLock teamsTeams togetherTeam positionsShared explorationLock speedFull tech treeHidden civsTurbo modeCheats
Victory
Defeat
🇦🇷 Tatars · Argentina
1584
+12
🇵🇪 Spanish · Peru
1498
+15
🇲🇽 Varangians · Mexico
1399
+20
🇦🇷 Magyars · Argentina
1130
+29
🇦🇷 Mapuche · Argentina
1538
-21
🇪🇸 Britons · Spain
1491
-19
🇨🇳 Mongols · China
1458
-19
🇨🇳 Berbers · China
1424
-17
牛比无极限
5:54 Loom
11:51 Feudal Age
14:49 Forging
15:21 Man-at-Arms
hcenemod
6:50 Loom
13:54 Feudal Age
14:32 Double-Bit Axe
19:27 Castle Age
18:19 Fletching
21:08 Padded Archer Armor
21:02 Gold Mining
21:49 Horse Collar
Alexis
10:25 Loom
12:50 Feudal Age
13:01 Feudal Age
16:36 Castle Age
14:24 Double-Bit Axe
14:25 Horse Collar
18:43 Scale Mail Armor
21:08 Fletching
27:16 Bodkin Arrow
风过无声
10:52 Loom
13:05 Feudal Age
14:38 Double-Bit Axe
17:10 Castle Age
15:22 Horse Collar
16:41 Bloodlines
18:17 Husbandry
21:42 Scale Barding Armor
25:40 Chain Barding Armor
26:58 Forging
woodyshaack
9:00 Loom
9:43 Loom
12:31 Feudal Age
13:39 Double-Bit Axe
14:12 Bloodlines
19:31 Fishing Lines
20:17 Scale Barding Armor
21:18 Forging
24:24 Wheelbarrow
29:01 Castle Age
ZEAN430
3:40 Loom
12:43 Feudal Age
17:35 Castle Age
15:35 Double-Bit Axe
16:58 Horse Collar
18:10 Stone Mining
21:02 Padded Archer Armor
24:34 Leather Archer Armor
24:36 Town Watch
26:13 Wheelbarrow
26:43 Bloodlines
26:33 Husbandry
28:00 Hand Cart
GUASON_
8:52 Loom
12:31 Feudal Age
12:33 Man-at-Arms
18:24 Fletching
elpanchovilla14
13:59 Feudal Age
12:14 Loom
18:02 Castle Age
16:15 Double-Bit Axe
17:22 Forging
21:21 Fishing Lines
25:40 Husbandry
26:50 Bow Saw
26:35 Gillnets
26:55 Town Watch
Connection lost

Rejoining the realm…

Still unreachable

The connection could not be restored.

Session expired

The server has moved on; the page needs a fresh start.